 Dungeon Crawl Stone Soup version 0.21-a0-440-g28109cb (webtiles) character file.

42 Laiders the Shooter (level 3, 0/29 HPs)
             Began as a Centaur Hunter on Nov 10, 2017.
             Slain by a leopard gecko (1 damage)
             ... on level 2 of the Dungeon.
             The game lasted 00:04:03 (1025 turns).

Laiders the Shooter (Centaur Hunter)                Turns: 1025, Time: 00:04:04

Health: 0/29       AC:  4    Str: 15    XL:     3   Next: 33%
Magic:  3/3        EV: 14    Int: 10    God:
Gold:   53         SH:  0    Dex: 14    Spells: 2/2 levels left

rFire    . . .     SeeInvis .   b - +0 short sword
rCold    . . .     Gourm    .   (no shield)
rNeg     . . .     Faith    .   c - +0 leather armour
rPois    .         Spirit   .   (no helmet)
rElec    .         Reflect  .   (no cloak)
rCorr    .         Harm     .   (no gloves)
MR       .....                  (no barding)
Stlth    ++........             (no amulet)
HPRegen  0.09/turn              (no ring)
MPRegen  0.08/turn              (no ring)

@: agile, very quick
A: hooves 3, deformed body, speed 2, tough skin 3
a: no special abilities


You were on level 2 of the Dungeon.
You were not hungry.

You visited 1 branch of the dungeon, and saw 2 of its levels.

You collected 53 gold pieces.

Inventory:

Hand Weapons
 a - a +1 shortbow
 b - a +0 short sword (weapon)
Armour
 c - a +0 leather armour (worn)
Scrolls
 h - a scroll of identify {unknown}
 k - a scroll of enchant armour {unknown}
 l - a scroll of fog {unknown}
Potions
 e - 2 potions of haste
 g - a potion of curing {unknown}
 i - a potion of agility
 j - a potion of degeneration {unknown}
Comestibles
 f - a bread ration
 m - a meat ration


   Skills:
 - Level 2.0 Fighting
 + Level 6.9 Bows
 - Level 1.3 Dodging
 - Level 0.4 Stealth


You had 2 spell levels left.
You didn't know any spells.

Dungeon Overview and Level Annotations

Branches:
Dungeon (2/15)

Altars:
Ashenzari


Innate Abilities, Weirdness & Mutations

You have hooves in place of feet.
Armour fits poorly on your strangely shaped body.
You cover ground very quickly.
You have extremely tough skin. (AC +3)


Message History

The orc is lightly wounded.
The orc hits you.
* * * LOW HITPOINT WARNING * * *
The bat hits you but does no damage.
You closely miss the orc.
The orc is lightly wounded.
The bat misses you. The orc hits you but does no damage.
The orc barely misses you.
A hobgoblin comes into view. It is wielding a club.
The hobgoblin shouts!
You hit the orc. You kick the orc.
The orc is almost dead.
The leopard gecko bites you but does no damage.
The orc hits you.
* * * LOW HITPOINT WARNING * * *
You hit the orc.
You kill the orc!
The leopard gecko bites you but does no damage.
The leopard gecko bites you.
You die...

.
#.#####.....#
.. #.#
#.....# ..#
#.# #....!#
..# #.#
#.h...#
#...h.#
#...hr######
####hb....<#
#l####### #@#
#.# .o. .o...
.......
...g...##
#..(....#
........#


You could see an orc warrior, an orc priest, a leopard gecko, a quokka, 4
jackals, a hobgoblin and a bat.

Vanquished Creatures
  2 dart slugs (D:1)
  A leopard gecko (D:1)
  An orc (D:2)
  3 giant cockroaches (D:1)
  3 goblins (D:1)
  8 hobgoblins (D:1)
  2 ball pythons (D:1)
  4 bats
  2 frilled lizards (D:1)
  3 kobolds (D:1)
  5 rats (D:1)
34 creatures vanquished.

Notes
Turn   | Place    | Note
-------+----------+-------------------------------------------
     0 | D:1      | Laiders the Centaur Hunter began the quest for the Orb.
     0 | D:1      | Reached XP level 1. HP: 17/17 MP: 1/1
   198 | D:1      | Reached skill level 6 in Bows
   198 | D:1      | Reached XP level 2. HP: 24/24 MP: 2/2
   714 | D:1      | Reached XP level 3. HP: 29/29 MP: 3/3
   958 | D:2      | Found a shattered altar of Ashenzari.
  1020 | D:2      | Noticed an orc warrior
  1024 | D:2      | HP: 1/29 [orc (4)]
  1025 | D:2      | Slain by a leopard gecko

Vault maps used:
D:1:      giann_bridges, minmay_small_reverse_x
D:2:      ashenzari_conservatory_becter, uniq_crazy_yiuf_cottage

Skill      XL: |  1 |
---------------+----+-----
Bows           | 6 |  6.9
Fighting       | |  2.0
Dodging        | |  1.3
Stealth        | |  0.4

Action                   || total
-------------------------++-------
Melee: Short sword       ||     8
       Kick              ||     2
 Fire: Shortbow          ||    74
  Use: Potion            ||     2
Armor: Leather armour    ||    30
Dodge: Dodged            ||    34

Table legend:
 A = Spawn XP
 B = Non-spawn XP
 C = Spawn XP percentage of total XP
 D = Spawn monster count
 E = Non-spawn monster count
 F = Spawn count percentage of total count
 G = Total turns spent on level
                    A         B        C        D         E        F      G
               +---------+---------+-------+---------+---------+-------+---------
         Total |       0 |      60 |   0.0 |       0 |      34 |   0.0 |  1025
               +---------+---------+-------+---------+---------+-------+---------
           D:1 |       0 |      54 |   0.0 |       0 |      31 |   0.0 |   909
           D:2 |       0 |       6 |   0.0 |       0 |       3 |   0.0 |   116
               +---------+---------+-------+---------+---------+-------+---------
